 Dungeon Crawl Stone Soup version 0.28-b1-25-g9875b3fc8c (webtiles) character file.

Game seed: 6489729239259034381

56 theElss the Skirmisher (level 3, -5/24 HPs)
             Began as a Gargoyle Berserker on Feb 3, 2022.
             Was a Follower of Trog.
             Killed by divine providence
             ... invoked by an orc priest
              (16 damage)
             ... on level 3 of the Dungeon.
             The game lasted 00:04:31 (1804 turns).

theElss the Skirmisher (Gargoyle Berserker)         Turns: 1804, Time: 00:04:32

Health: -5/24      AC:  9    Str: 20    XL:     3   Next: 95%
Magic:  3/3        EV: 11    Int:  9    God:    Trog [*.....]
Gold:   62         SH:  0    Dex:  9    Spells: 2/2 levels left

rFire   . . .      SeeInvis .   a - +0 mace
rCold   . . .      Faith    .   (no shield)
rNeg    + . .      Spirit   .   g - +0 ring mail
rPois   ∞          Reflect  .   i - +0 helmet
rElec   +          Harm     .   (no cloak)
rCorr   .          Rampage  .   (no gloves)
Will    .....                   (no boots)
Stlth   ..........              (no amulet)
HPRegen 0.08/turn               (no ring)
MPRegen 0.08/turn               (no ring)

@: no status effects
A: sickness immunity, AC +3, negative energy resistance 1, electricity
resistance, torment resistance 1, petrification resistance
a: Renounce Religion, Berserk


You were on level 3 of the Dungeon.
You worshipped Trog.
Trog was aware of your devotion.
You visited 1 branch of the dungeon, and saw 3 of its levels.

You collected 62 gold pieces.

Inventory:

Hand Weapons
 a - a +0 mace (weapon)
Armour
 b - a +0 animal skin
 g - a +0 ring mail (worn)
 i - a +0 helmet (worn)
Jewellery
 c - a ring of flight
Scrolls
 d - 2 scrolls of teleportation {unknown}
 h - a scroll of enchant weapon {unknown}
 j - a scroll of blinking {unknown}
 k - a scroll of enchant armour {unknown}
 l - a scroll of amnesia {unknown}
Potions
 e - a potion of resistance {unknown}
 f - a potion of attraction {unknown}


   Skills:
 + Level 3.9 Fighting
 + Level 3.7 Maces & Flails
 + Level 2.8 Armour
 + Level 1.9 Dodging
 + Level 0.1 Stealth


You had 2 spell levels left.
You didn't know any spells.
Your spell library was empty.

Dungeon Overview and Level Annotations

Branches:
Dungeon (3/15)

Altars:

Shops:
D:1 *   D:2 (


Innate Abilities, Weirdness & Mutations

You are immune to sickness and miasma.
Your stone body is resilient. (AC +3)
You are immune to poison.
You resist negative energy. (rN+)
You are resistant to electric shocks. (rElec)
You are resistant to unholy torment.
You are immune to petrification.


Message History

An orc priest comes into view.
It is wielding a +0 short sword of speed.
The ball python bites you but does no damage.
The ball python barely misses you. The ball python constricts you.
The ball python closely misses you.
You escape the ball python's grasp.
The ball python misses you. The ball python grabs you.
The ball python constricts you.
You escape the ball python's grasp.
You hear the brisk rusting of a distant drain.
The ball python bites you but does no damage.
The ball python grabs you. The ball python constricts you.
You sock the ball python!
You kill the ball python!
Trog accepts your kill. The ball python closely misses you.
The ball python grabs you. The ball python constricts you.
You hit the ball python.
The ball python is moderately wounded.
The ball python bites you but does no damage.
The ball python constricts you.
You sock the ball python!
You kill the ball python!
Trog accepts your kill.
The orc priest calls down the wrath of Beogh upon you.
Beogh smites you!
You closely miss the orc. The orc closely misses you.
You hit the orc.
The orc is almost dead.
The orc barely misses you. The orc hits you with a +0 whip.
You hit the orc but do no damage.
The orc is almost dead.
The orc priest begins to cast a cantrip, but forgets the words!
The orc hits you but does no damage.
You barely miss the orc.
The orc is almost dead.
The orc priest calls upon Beogh to heal the orc.
The orc is healed somewhat.
The orc barely misses you.
The orc priest calls down the wrath of Beogh upon you.
Beogh smites you!
Ouch! That really hurt!
You die...

#.######..^.................
#.# #......####..#[.##... #.#
####......####...#.## ..
..###...................# .
.##...##<.....# ###..#..##
..............# ......#
..###.........### .....# # .##
#.†.........#####....##..#
.#............#.@oo.#......$>.
...##.........#####...........
.. #.........# ###......... (.
#.........# ##.....[.. ...
########### #........
#........ #........ #........
#........


You could see an orc priest and an orc.

Vanquished Creatures
  2 worms
  3 orcs (D:3)
  8 ball pythons
  An endoplasm (D:2)
  4 giant cockroaches
  3 goblins
  3 hobgoblins
  2 jackals (D:3)
  A quokka (D:1)
  3 bats
  3 frilled lizards
  4 kobolds
  7 rats
44 creatures vanquished.

Notes
Turn   | Place    | Note
-------+----------+-------------------------------------------
     0 | D:1      | theElss the Gargoyle Berserker began the quest for the Orb.
     0 | D:1      | Reached XP level 1. HP: 14/14 MP: 1/1
   255 | D:1      | Found a faded altar of an unknown god.
   281 | D:1      | Reached XP level 2. HP: 18/19 MP: 2/2
   356 | D:1      | You fall into a shaft and drop 1 floor!
   607 | D:1      | Found Bojeax's General Store.
  1003 | D:2      | Reached XP level 3. HP: 22/24 MP: 3/3
  1280 | D:2      | Found Xarekeg's Antique Weapon Shoppe.
  1804 | D:3      | Killed from afar by an orc priest

Illustrated notes

Levels and vault maps discovered:
D:1:      onia_arrival_mini_maze, layout_rooms,
          dreamdust_ecumenical_altar_statues, serial_shops, shop_fountains,
          hangedman_glass_teeth
D:2:      layout_rooms, serial_shops, shop
D:3:      layout_rooms, cheibrodos_sewer_entry_sluice

Action                   || total
-------------------------++-------
Melee: Mace              ||   112
Invok: Berserk           ||     1
Armor: Animal skin       ||     5
       Ring mail         ||    48
Dodge: Dodged            ||    89
